Map: Daybreak LE (Void)

Players

RoyalKing - Winner!

  • Race: Terran Terran
  • League: Diamond
  • Spawn Location: 1:00

Musumeci

  • Race: Zerg Zerg
  • League: Diamond
  • Spawn Location: 7:00

VOD

Have the link to the VOD?

Description

Time

  • Played on: Dec. 30, 2016, 2:30 p.m.
  • Length: 8:21
Show
View Real Time Build Order
Export as new Build Order

RoyalKing Terran - Winner!

Build Orders:  

Get SALT Encoding   

  12  0:00  SCV  
  13  0:13  SCV  
  14  0:18  Supply Depot  
  14  0:25  SCV  
  15  0:39  SCV  
  15  0:40  Barracks  
  16  0:45  Refinery  
  16  0:58  Barracks  
  16  1:23  Refinery  
  16  1:24  Barracks  
  16  1:29  Reaper  
  17  1:42  Barracks  
  17  1:50  Reaper  
  18  2:02  Reaper  
  19  2:18  Reaper  
  19  2:22  Reaper  
  21  2:34  Reaper  
  21  2:35  Reaper  
  23  2:41  Supply Depot  
  23  3:03  Reaper x2  
  25  3:06  Reaper  
  26  3:16  Reaper  
  27  3:30  Supply Depot  
  27  3:35  Reaper x2  
  29  3:47  Reaper  
  28  3:56  Reaper  
  29  4:07  Reaper  
  28  4:22  Reaper  
  28  4:23  Reaper  
  30  4:29  Reaper  
  30  4:30  Orbital Command  
  31  4:33  Supply Depot  
  29  4:39  Reaper  
  30  4:55  Reaper  
  30  4:57  Reaper  
  32  5:05  Reaper  
  30  5:30  Reaper x3  
  32  5:36  Supply Depot  
  32  5:50  Reaper  
  32  6:02  Reaper  
  33  6:05  Reaper  
  34  6:16  Reaper  
  34  6:22  Reaper  
  31  6:37  Reaper x2  
  32  6:48  Reaper  
  33  6:57  Reaper  
Show
View Real Time Build Order
Export as new Build Order

Musumeci Zerg 

Build Orders: Hatch First 

Get SALT Encoding   

  12  0:03  Drone  
  13  0:09  Drone  
  14  0:24  Drone, Extractor  
  15  0:46  Hatchery  
  14  1:00  Spawning Pool  
  14  1:01  Extractor  
  14  1:03  Drone  
  13  1:06  Extractor  
  13  1:10  Drone  
  13  1:17  Drone  
  16  1:27  Overlord  
  16  1:45  Drone x2  
  16  1:46  Queen  
  20  1:47  Drone  
  21  1:57  Drone  
  21  1:59  Queen  
  24  2:07  Drone  
  25  2:09  Overlord  
  25  2:13  Drone  
  26  2:19  Drone x2  
  28  2:33  Extractor  
  28  2:34  Extractor, Roach Warren  
  23  2:43  Queen  
  25  2:52  Queen  
  25  3:19  Roach x3  
  31  3:26  Queen  
  27  3:57  Roach x4  
  35  4:05  Roach  
  31  4:23  Ravager  
  32  4:30  Queen  
  32  4:32  Roach x2  
  36  4:43  Overlord  
  36  4:52  Ravager  
  35  5:08  Ravager  
  35  5:09  Roach x2  
  40  5:16  Ravager x2  
  40  5:21  Ravager  
  34  5:38  Roach  
  34  5:39  Roach x5  
  34  5:40  Drone  
  44  5:53  Overlord  
  44  6:00  Ravager  
  40  6:16  Ravager  
  41  6:25  Ravager  
  37  6:27  Ravager  
  37  6:29  Ravager  
  37  6:30  Ravager  
Tags
 
Add a new tag
Caveats
  • Supply blocks, unpowered buildings, or Contaminate may cause inaccurate times.
  • Supply counts are checked every 10 seconds.